 Dungeon Crawl Stone Soup version 0.20.0-10-g0535bb4 (webtiles) character file.

6737 MTVSty1e the Severer (level 10, -6/97 HPs)
             Began as a Minotaur Fighter on June 3, 2017.
             Mangled by Maurice
             ... wielding the +7 great mace "Firestarter" {inner flame, rF++}
              (12 damage)
             ... on level 10 of the Dungeon.
             The game lasted 00:12:26 (7449 turns).

MTVSty1e the Severer (Minotaur Fighter)             Turns: 7449, Time: 00:12:27

Health: -6/97      AC: 11    Str: 28    XL:     10   Next: 75%
Magic:  9/9        EV:  7    Int:  5    God:
Gold:   329        SH: 11    Dex: 11    Spells: 9/9 levels left

rFire    . . .     SeeInvis .   a - +1 war axe
rCold    . . .     Gourm    .   c - +1 shield
rNeg     . . .     Faith    .   v - +1 scale mail of the Blind Marksman {Str+3 Dex+2}
rPois    .         Spirit   .   (helmet restricted)
rElec    .         Reflect  .   d - scarf {cloud immunity}
rCorr    .         Harm     .   y - +2 pair of gloves
MR       .....                  (no boots)
Stlth    ..........             (no amulet)
Regen    0.3/turn               (no ring)
MPRegen  0.2/turn               (no ring)

@: flying, hasted, very quick
A: retaliatory headbutt, horns 2
a: no special abilities


You were on level 10 of the Dungeon.
You were not hungry.

You visited 2 branches of the dungeon, and saw 11 of its levels.
You also visited: Ossuary.

You collected 807 gold pieces.
You spent 478 gold pieces at shops.

Inventory:

Hand Weapons
 a - a +1 war axe (weapon)
Armour
 b - a +0 scale mail
 c - a +1 shield (worn)
 d - a scarf of cloud immunity (worn)
 u - a +2 pair of gloves
 v - the +1 scale mail of the Blind Marksman (worn) {Str+3 Dex+2}
   (You bought it in a shop on level 8 of the Dungeon)

   It affects your strength (+3).
   It affects your dexterity (+2).
 y - a +2 pair of gloves (worn)
Wands
 g - a wand of polymorph (24/24)
 z - a wand of iceblast (7/15)
Scrolls
 j - 2 scrolls of enchant armour
 m - a scroll of fog
 p - 5 scrolls of teleportation
 r - a scroll of amnesia
 s - 2 scrolls of remove curse
 t - 2 scrolls of magic mapping
 x - 2 scrolls of identify
 D - a scroll of noise {unknown}
 F - a scroll of fear
Potions
 e - 2 potions of curing
 k - a potion of lignification {unknown}
 q - a potion of ambrosia {unknown}
 C - a potion of brilliance {unknown}
Books
 o - a book of Misfortune

   Spells                             Type                      Level
   a - Confusing Touch                Hexes                        1
   b - Confuse                        Hexes                        3
   c - Gell's Gravitas                Translocation                3
   d - Petrify                        Transmutation/Earth          4
   e - Metabolic Englaciation         Hexes/Ice                    5
   f - Yara's Violent Unravelling     Hexes/Transmutation          5
Comestibles
 f - 9 bread rations
 n - 7 fruits
 w - 3 meat rations
 E - a royal jelly


   Skills:
 + Level 11.7 Fighting
 * Level 15.3 Axes
 - Level 3.6 Armour
 - Level 3.6 Shields


You had 9 spell levels left.
You didn't know any spells.

Dungeon Overview and Level Annotations

Branches:
Dungeon (10/15)            Temple (1/1) D:5            Lair (0/6) D:9
    Orc: D:9-12

Altars:
Ashenzari
Cheibriados
Dithmenos
Elyvilon
Fedhas
Gozag
Hepliaklqana
Kikubaaqudgha
Makhleb
Nemelex Xobeh
Okawaru
Qazlal
Ru
Sif Muna
Trog
Uskayaw
Vehumet
Xom
Yredelemnul
Zin
The Shining One

Shops:
D:5 !%   D:8 [   D:9 *

Annotations:
D:6 1 runed door
D:8 Prince Ribbit
D:10 Maurice


Innate Abilities, Weirdness & Mutations

You reflexively headbutt those who attack you in melee.
You have a pair of horns on your head.


Message History

You miss something. You slash something! You headbutt something.
Something hits you.
* * * LOW HITPOINT WARNING * * *
Something steals your scroll labeled DOENYS YRHYSAN!
Something burns you.
* * * LOW HITPOINT WARNING * * *
You slice something!! You miss something.
Your shield and scale mail of the Blind Marksman prevent you from hitting something.
You hear some strange, mumbled words.
Things that are here:
4 large rocks; a cyclops corpse You hear a zap.
You are blasted!
* * * LOW HITPOINT WARNING * * *
Things that are here:
4 large rocks; a cyclops corpse You completely miss something.
Your headbutt misses something. You hit something but do no damage.
You headbutt something. Something hits you!
You die...

#.#.........:#|.......
#....##.....8=8.....#
#.##.###..#.....#..##
#.##.# ##.##...##.## #
#.##.# ###.......###
.#.##.##.######...(.###
...........#####.%.###
#####.####....###.###
#.# ####).{@.# #.#
####### #.# #.# ##.##
##...## ##.#.#.########
#.............#
##.#.#.######.#


There were no monsters in sight!

Vanquished Creatures
  A fire dragon (D:10)
  A two-headed ogre (D:7)
  A cyclops (D:10)
  Psyche (D:8)
  A centaur skeleton (D:9)
  The ghost of kuniqs the Skirmisher, a novice VSFi of Fedhas (D:6)
  A hippogriff (D:7)
  4 fire bats (D:10)
  A steam dragon (D:9)
  Edmund (D:6)
  2 insubstantial wisps (D:9)
  A water moccasin (D:6)
  An ice beast (D:6)
  2 sky beasts
  6 ogres
  A hornet zombie (D:6)
  A centaur (D:9)
  4 bullfrogs
  4 scorpions
  2 killer bees (D:6)
  2 crimson imps
  A howler monkey (D:6)
  3 centaur zombies (Ossuary)
  4 hounds
  A jelly (D:8)
  6 orc priests
  3 orc wizards
  An iguana (D:7)
  9 worker ants
  3 big kobold zombies (Ossuary)
  A hound zombie (D:6)
  A hound skeleton (D:4)
  2 mummies (Ossuary)
  2 worker ant zombies
  13 gnolls
  A howler monkey skeleton (D:4)
  10 adders
  2 oozes
  A worm (D:2)
  3 leopard geckos
  29 orcs
  7 ball pythons
  13 giant cockroaches
  4 gnoll zombies (Ossuary)
  11 goblins
  6 hobgoblins
  9 jackals
  5 kobolds
  3 quokkas
  9 bats
  4 frilled lizards
  A goblin zombie (Ossuary)
  A leopard gecko skeleton (D:5)
  3 orc zombies (Ossuary)
  5 rats
216 creatures vanquished.

Vanquished Creatures (others)
  2 sky beasts (D:9)
  A bullfrog (D:9)
  A leopard gecko (D:4)
4 creatures vanquished.

Grand Total: 220 creatures vanquished

Notes
Turn   | Place    | Note
-------+----------+-------------------------------------------
     0 | D:1      | MTVSty1e the Minotaur Fighter began the quest for the Orb.
     0 | D:1      | Reached XP level 1. HP: 19/19 MP: 0/0
   151 | D:1      | Reached skill level 3 in Axes
   205 | D:1      | Reached XP level 2. HP: 26/27 MP: 1/1
   509 | D:1      | Found a snail-covered altar of Cheibriados.
   780 | D:1      | Reached XP level 3. HP: 26/33 MP: 2/2
   847 | D:2      | Reached skill level 4 in Axes
  1005 | D:2      | Reached XP level 4. HP: 38/41 MP: 3/3
  1068 | D:2      | Reached skill level 5 in Fighting
  1068 | D:2      | Reached skill level 5 in Axes
  1324 | D:2      | Found a glowing golden altar of the Shining One.
  1335 | D:2      | Found a basalt altar of Yredelemnul.
  1341 | D:2      | Noticed an angel
  1359 | D:2      | Reached XP level 5. HP: 47/48 MP: 4/4
  1632 | D:3      | Reached skill level 6 in Axes
  1816 | D:3      | Reached XP level 6. HP: 55/57 MP: 5/5
  1961 | D:3      | Found a faded altar of an unknown god.
  2054 | D:4      | Found a sparkling altar of Nemelex Xobeh.
  2112 | D:4      | Reached skill level 7 in Axes
  2326 | D:4      | Reached XP level 7. HP: 60/64 MP: 6/6
  2638 | D:5      | Entered Level 5 of the Dungeon
  2645 | D:5      | Found a staircase to the Ecumenical Temple.
  2662 | D:5      | Found Limnups's Distillery.
  2678 | Temple   | Entered the Ecumenical Temple
  2924 | D:5      | Reached skill level 8 in Axes
  3114 | D:5      | Found Sayp's Food Boutique.
  3347 | D:6      | Found a bloodstained altar of Trog.
  3350 | D:6      | Noticed kuniqs's ghost (novice VSFi)
  3371 | D:6      | Killed kuniqs's ghost
  3371 | D:6      | Reached skill level 9 in Axes
  3458 | D:6      | Found a sand-covered staircase.
  3466 | Ossuary  | Entered an ossuary
  3484 | Ossuary  | Reached XP level 8. HP: 55/73 MP: 7/7
  3748 | D:6      | Noticed Edmund
  3755 | D:6      | Killed Edmund
  3755 | D:6      | Reached skill level 10 in Axes
  3759 | D:6      | Found a runed door.
  3763 | D:6      | Found a runed door.
  3889 | D:6      | Reached skill level 11 in Axes
  4101 | D:6      | Found a stormy altar of Qazlal.
  4101 | D:6      | Found a faded altar of an unknown god.
  4106 | D:6      | Found a faded altar of an unknown god.
  4108 | D:6      | Found a sacrificial altar of Ru.
  4109 | D:6      | Found an iron altar of Okawaru.
  4332 | D:6      | Reached XP level 9. HP: 73/83 MP: 8/8
  4889 | D:7      | Reached skill level 12 in Axes
  5044 | D:7      | Noticed a two-headed ogre
  5054 | D:7      | Killed a two-headed ogre
  5054 | D:7      | Reached skill level 10 in Fighting
  5065 | D:7      | Found an iron altar of Okawaru.
  5725 | D:8      | Noticed Psyche
  5734 | D:8      | Killed Psyche
  5734 | D:8      | Reached skill level 13 in Axes
  5771 | D:8      | Found Ginloyth's Antique Armour Shop.
  5779 | D:8      | Bought a smelly scale mail for 261 gold pieces
  5779 | D:8      | Bought a pair of runed gloves for 217 gold pieces
  5799 | D:8      | Identified the +1 scale mail of the Blind Marksman {Str+3 Dex+2} (You bought it in a shop on level 8 of the Dungeon)
  5989 | D:8      | Noticed Prince Ribbit
  6533 | D:9      | Found Ogachahe's General Store.
  6558 | D:9      | Reached XP level 10. HP: 81/94 MP: 9/9
  6710 | D:9      | Found a staircase to the Lair.
  6737 | D:9      | Reached skill level 14 in Axes
  6775 | D:9      | Found a sparkling altar of Nemelex Xobeh.
  6778 | D:9      | Found a glowing silver altar of Zin.
  7334 | D:10     | Entered Level 10 of the Dungeon
  7400 | D:10     | Noticed a fire dragon
  7400 | D:10     | Noticed a cyclops
  7403 | D:10     | Noticed Maurice
  7432 | D:10     | Killed a fire dragon
  7432 | D:10     | Reached skill level 15 in Axes
  7438 | D:10     | Killed a cyclops
  7449 | D:10     | Mangled by Maurice

Skill      XL: |  1  2  3  4  5  6  7  8  9 10 |
---------------+-------------------------------+-----
Axes           | 3 4 5 6 7 9 11 13 15 | 15.3
Fighting       | 4 5 6 7 9 10 11 | 11.7
Armour         | |  3.6
Shields        | |  3.6

Action                   |  1- 3 |  4- 6 |  7- 9 | 10-12 || total
-------------------------+-------+-------+-------+-------++-------
Melee: War axe           |    84 |   173 |   259 |    78 ||   594
       Headbutt          |    13 |    23 |    63 |    20 ||   119
  Use: Potion            |       |     1 |     4 |     5 ||    10
       Scroll            |       |       |    11 |       ||    11
  Eat: Bread ration      |       |     1 |       |       ||     1
       Chunk             |       |       |     3 |     4 ||     7
       Meat ration       |       |       |     2 |       ||     2
Armor: Scale mail        |    40 |    70 |    75 |    35 ||   220
Dodge: Dodged            |    24 |    46 |    60 |    24 ||   154
Block: Shield            |    37 |   113 |   137 |    34 ||   321
